 Dungeon Crawl Stone Soup version 0.15.0-13-gb296d5c (webtiles) character file.

68 CrazyArbalest the Bolt Thrower (level 4, 18/32 HPs)
             Began as a Demonspawn Hunter on Sept 2, 2014.
             Quit the game on Level 2 of the Dungeon.
             The game lasted 00:05:36 (880 turns).

CrazyArbalest the Bolt Thrower (Demonspawn Hunter)   Turns: 880, Time: 00:05:37

HP  18/32        AC  3     Str 12      XL: 4   Next:  1%
MP   4/4         EV 11     Int 12      God:
Gold 61          SH  0     Dex 15      Spells:  0 memorised,  3 levels left

rFire  . . .     SeeInvis .     b - +1 hand crossbow
rCold  . . .     Clarity  .     d - +0 leather armour
rNeg   . . .     rCorr    .     (no shield)
rPois  .         rRot     .     (no helmet)
rElec  .         Spirit   .     (no cloak)
SustAb .         Warding  .     (no gloves)
rMut   .         Stasis   .     (no boots)
Gourm  .                        (no amulet)
MR     .....                    (no ring)
                                (no ring)

@: not resistant to hostile enchantments, unstealthy
A: nightstalker 1, powered by death 1
a: no special abilities


You were on level 2 of the Dungeon.
You were not hungry.

You visited 1 branch of the dungeon, and saw 2 of its levels.

You collected 61 gold pieces.

Inventory:

Hand weapons
 a - a +0 whip
 b - a +1 hand crossbow (weapon)
Missiles
 c - 12 bolts (quivered)
Armour
 d - a +0 leather armour (worn)
Comestibles
 f - a bread ration
 j - a chunk of gnoll flesh
 l - a beef jerky
Scrolls
 g - a scroll of magic mapping {unknown}
 i - a scroll of remove curse {unknown}
 k - 2 scrolls of identify {unknown}
Potions
 e - a potion of heal wounds {unknown}
 h - 3 potions of invisibility {unknown}


   Skills:
 + Level 1.2 Fighting
 * Level 0.5 Maces & Flails
 * Level 4.6 Crossbows
 + Level 0.6 Armour
 + Level 2.0 Dodging
 + Level 1.1 Stealth


You had 3 spell levels left.
You didn't know any spells.

Dungeon Overview and Level Annotations

Branches:
Dungeon (2/15)

Altars:


Innate Abilities, Weirdness & Mutations

You are slightly more attuned to the shadows.
You can steal the life force of nearby defeated enemies.


Message History

b - a +1 hand crossbow (weapon)
Firing (i - inventory):
c - 15 bolts (quivered)
Press: ? - help, Shift-Dir - straight line, f - adder
Aim: an adder You shoot a bolt.
The bolt hits the adder.
The adder is moderately wounded.
Firing (i - inventory):
c - 14 bolts (quivered)
Press: ? - help, Shift-Dir - straight line, f/p - adder
Aim: an adder (moderately wounded)
You shoot a bolt. The bolt misses the adder.
Firing (i - inventory):
c - 13 bolts (quivered)
Press: ? - help, Shift-Dir - straight line, f/p - adder
Aim: an adder (moderately wounded)
You shoot a bolt. The bolt hits the adder!
You kill the adder!
You have reached level 4!
Your demonic ancestry asserts itself...
You slip into the darkness of the dungeon.
You feel agile.
Are you sure you want to abandon this character and quit the game? (Confirm with "yes".)

#.....###########...#
#.....## ###.#
##....)##### #.##
##.##.....# #..#
####.###..# ##.# #.#
.# #.# ########.##
..###.. #.........#
#>...#. #......@..#
####.#) #.........#
#... #.......(.#
#####.. #.$...(...).
........
#.........### ######.
.........# #.
........# #. $.(...)#
..... ... #....#


There were no monsters in sight!

Vanquished Creatures
  3 gnolls (D:2)
  An adder (D:2)
  A giant gecko (D:2)
  3 bats (D:1)
  2 giant cockroaches
  3 goblins (D:1)
  4 hobgoblins
  4 kobolds
  4 giant newts (D:1)
  4 rats (D:1)
29 creatures vanquished.

Notes
Turn   | Place    | Note
--------------------------------------------------------------
     0 | D:1      | CrazyArbalest, the Demonspawn Hunter, began the quest for the Orb.
     0 | D:1      | Reached XP level 1. HP: 15/15 MP: 1/1
    74 | D:1      | Reached skill level 4 in Crossbows
    96 | D:1      | Gained mutation: You can steal the life force of nearby defeated enemies. [demonic ancestry]
    96 | D:1      | Reached XP level 2. HP: 15/21 MP: 2/2
   816 | D:2      | Reached XP level 3. HP: 26/26 MP: 3/3
   821 | D:2      | Reached skill level 1 in Stealth
   879 | D:2      | Gained mutation: You are slightly more attuned to the shadows. [demonic ancestry]
   879 | D:2      | Reached XP level 4. HP: 18/32 MP: 4/4
   880 | D:2      | Quit the game

Action                   |  1- 3 |  4- 6 || total
-------------------------+-------+-------++-------
Melee: Whip              |    57 |       ||    57
       Club              |    34 |       ||    34
 Fire: Hand crossbow     |    30 |       ||    30
